 Dungeon Crawl Stone Soup version 0.21.1-1-g345015fe64 (webtiles) character file.

109 Oravi the Changer (level 4, -5/32 HPs)
             Began as a Merfolk Transmuter on Apr 13, 2018.
             Killed from afar by a white imp (8 damage)
             ... with a puff of frost
             ... summoned by Natasha
             ... on level 2 of the Dungeon.
             The game lasted 00:06:37 (1496 turns).

Oravi the Changer (Merfolk Transmuter)              Turns: 1496, Time: 00:06:38

Health: -5/32      AC:  2    Str: 10    XL:     4   Next: 90%
Magic:  3/7        EV: 22    Int: 13    God:
Gold:   90         SH:  0    Dex: 19    Spells: 1/7 levels left

rFire    . . .     SeeInvis .     - Unarmed
rCold    . . .     Gourm    .   (shield currently unavailable)
rNeg     . . .     Faith    .   (armour currently unavailable)
rPois    x         Spirit   .   (helmet currently unavailable)
rElec    .         Reflect  .   (cloak currently unavailable)
rCorr    .         Harm     .   (gloves currently unavailable)
MR       .....                  (boots currently unavailable)
Stlth    ++........             (no amulet)
HPRegen  0.10/turn              (no ring)
MPRegen  0.10/turn              (no ring)

@: spider-form (expiring)
A: tiny, (change form in water), (swift swim), (stealthy swim)
a: End Transformation


You were on level 2 of the Dungeon.
You were not hungry.
You were a venomous arachnid creature.
You visited 1 branch of the dungeon, and saw 2 of its levels.

You collected 90 gold pieces.

Inventory:

Missiles
 a - 72 arrows
Armour
 b - a +0 robe (melded)
Jewellery
 i - a +3 ring of dexterity {unknown}
Scrolls
 f - a scroll of fear
 g - a scroll of blinking
Potions
 e - 3 potions of curing
 h - 2 potions of haste {unknown}
 j - 2 potions of berserk rage {unknown}
 k - 2 potions of heal wounds {unknown}
 l - a potion of ambrosia {unknown}
 n - a potion of mutation {unknown}
Books
 c - a book of Changes

   Spells                             Type                      Level
   a - Beastly Appendage              Transmutation                1
   b - Sticks to Snakes               Transmutation                2
   c - Spider Form                    Transmutation/Poison         3
   d - Ice Form                       Ice/Transmutation            4
   e - Blade Hands                    Transmutation                5
Comestibles
 d - 4 rations


   Skills:
 + Level 1.2 Fighting
 + Level 3.4 Dodging
 + Level 4.2 Unarmed Combat
 - Level 2.0 Spellcasting
 * Level 4.9 Transmutations
 * Level 0.9 Poison Magic


You had one spell level left.
You knew the following spells:

 Your Spells              Type           Power        Failure   Level  Hunger
a - Beastly Appendage     Tmut           ##....       11%         1    ##.....
b - Sticks to Snakes      Tmut           ##......     14%         2    ###....
c - Spider Form           Tmut/Pois      #.........   43%         3    ####...


Dungeon Overview and Level Annotations

Branches:
Dungeon (2/15)

Altars:

Annotations:
D:2 Natasha


Message History

Natasha is lightly wounded.
The bat closely misses you. The white imp gestures at you.
The puff of frost hits you!
* * * LOW HITPOINT WARNING * * *
Natasha claws you but does no damage.
You hit Natasha but do no damage.
Natasha looks as sick as possible!
Natasha is moderately wounded.
Your transformation is almost over.
The bat misses you. The white imp closely misses you. Natasha claws you.
* * * LOW HITPOINT WARNING * * *
A goblin comes into view.
The bat barely misses you.
Natasha howls an incantation.
You feel troubled.
Natasha casts a spell.
The bat misses you. The white imp gestures at you. The puff of frost hits you!
You die...

.........###.#..#....
..........# ....#.#..
........<.## ........ #g.
......[....# #..#.#.. ...
...........###....#.# ...#
............##...##.#.w#.#
..........#..>......#.....
.............#...##....#..
.......#.....#..s#........
.#.###....#.......5h.5.#
.#.>............(b........
(#.###.#............####..
....#..#.##<.....##.#
.......#...).....# .#
.................# ##
..#...........#.....#
...(#(..................


You could see an iron imp, Natasha, a white imp and a bat.

Vanquished Creatures
  Natasha (twice) (D:2)
  An adder (D:2)
  An ooze (D:2)
  2 worms (D:2)
  A dart slug (D:1)
  A giant cockroach (D:1)
  8 hobgoblins
  2 quokkas (D:2)
  A ball python (D:1)
  4 bats
  5 frilled lizards
  2 goblins
  8 kobolds
  5 rats
43 creatures vanquished.

Notes
Turn   | Place    | Note
-------+----------+-------------------------------------------
     0 | D:1      | Oravi the Merfolk Transmuter began the quest for the Orb.
     0 | D:1      | Reached XP level 1. HP: 15/15 MP: 3/3
   150 | D:1      | Reached XP level 2. HP: 18/21 MP: 3/5
   681 | D:2      | Reached XP level 3. HP: 22/26 MP: 4/6
   682 | D:2      | Noticed Natasha
   733 | D:1      | Learned a level 2 spell: Sticks to Snakes
   737 | D:1      | Learned a level 3 spell: Spider Form
  1127 | D:2      | Killed Natasha
  1127 | D:2      | Reached XP level 4. HP: 30/32 MP: 1/7
  1280 | D:2      | Noticed Natasha
  1289 | D:2      | Killed Natasha
  1487 | D:2      | Noticed Natasha
  1496 | D:2      | Killed from afar by a white imp

Skill      XL: |  1  2  3 |
---------------+----------+-----
Transmutations | 3 4 |  4.9
Dodging        | 3 |  3.4
Unarmed Combat | 4 |  4.2
Fighting       | |  1.2
Spellcasting   | |  2.0
Poison Magic   | |  0.9

Action                   |  1- 3 |  4- 6 || total
-------------------------+-------+-------++-------
Melee: Unarmed           |    84 |    33 ||   117
       Headbutt          |    10 |       ||    10
       Punch             |     1 |       ||     1
 Cast: Beastly Appendage |    18 |     2 ||    20
       Spider Form       |     3 |     4 ||     7
  Use: Scroll            |     6 |       ||     6
       Potion            |       |     1 ||     1
  Eat: Chunk             |     1 |       ||     1
       Ration            |       |     1 ||     1
Armor: Robe              |    22 |     2 ||    24
       Skin              |       |     1 ||     1
Dodge: Dodged            |    67 |    37 ||   104
